 Dungeon Crawl Stone Soup version 0.19-a0-376-gf780d9b (webtiles) character file.

327 Duffy the Conjurer (level 6, -11/32 HPs)
             Began as a Deep Elf Air Elementalist on May 30, 2016.
             Mangled by an ogre
             ... wielding a +0 giant club
              (14 damage)
             ... on level 4 of the Dungeon.
             The game lasted 00:05:50 (4223 turns).

Duffy the Conjurer (Deep Elf Air Elementalist)      Turns: 4223, Time: 00:05:51

Health: -11/32     AC:  5    Str:  5    XL:     6   Next: 24%
Magic:  8/14       EV: 13    Int: 22    God:
Gold:   146        SH:  0    Dex: 15    Spells: 4 memorised, 2 levels left

rFire  . . .     SeeInvis .     n - +1 dagger (speed)
rCold  . . .     Gourm    +     a - +0 robe
rNeg   + . .     Faith    .     (no shield)
rPois  .         Spirit   .     p - +0 helmet
rElec  .         Dismiss  .     r - +0 cloak
rCorr  .         Reflect  .     (no gloves)
SustAt .         Harm     .     k - +0 pair of boots
MR     .....                    i - amulet of the gourmand
Stlth  ++........               (no ring)
                                d - ring of positive energy

@: repel missiles, not resistant to hostile enchantments, unstealthy
A: no striking features
a: no special abilities


You were on level 4 of the Dungeon.
You were very full.

You visited 1 branch of the dungeon, and saw 4 of its levels.

You collected 146 gold pieces.


   Skills:
 + Level 0.0 Fighting
 - Level 2.4 Dodging
 - Level 2.4 Stealth
 - Level 4.0 Spellcasting
 - Level 5.0 Conjurations
 - Level 4.9 Air Magic


You had 2 spell levels left.
You knew the following spells:

 Your Spells              Type           Power        Failure   Level  Hunger
a - Shock                 Conj/Air       ####         1%          1    None
c - Static Discharge      Conj/Air       ####....     4%          3    ###....
l - Lightning Bolt        Conj/Air       ####......   38%         5    ######.
m - Repel Missiles        Chrm/Air       ###...       8%          2    #......

Inventory:

Hand Weapons
 f - a +0 dagger
 n - a +1 dagger of speed (weapon)
Armour
 a - a +0 robe (worn)
 k - a +0 pair of boots (worn)
 p - a +0 helmet (worn)
 r - a +0 cloak (worn)
Jewellery
 d - a ring of positive energy (left hand)
 i - an amulet of the gourmand (around neck)
 v - an uncursed ring of ice
Scrolls
 h - 2 scrolls of teleportation {unknown}
 l - a scroll of enchant armour {unknown}
 q - a scroll of random uselessness {unknown}
 s - a scroll of amnesia {unknown}
 t - 2 scrolls of identify {unknown}
Potions
 e - a potion of beneficial mutation {unknown}
 g - a potion of haste {unknown}
 j - a potion of invisibility {unknown}
 m - a potion of berserk rage {unknown}
 u - a potion of flight {unknown}
Books
 b - a book of Air
Comestibles
 c - 4 bread rations
 o - a beef jerky

Dungeon Overview and Level Annotations

Branches:
Dungeon (4/15)
 Temple: D:4-7

Altars:
Makhleb


Message History

Press: ? - help, Shift-Dir - straight line, f - ogre
Aim: an ogre, wielding a giant club (hasn't noticed you)
The zap hits the ogre.
The ogre is lightly wounded.
The ogre shouts!
Cast which spell? (? or * to list)
Aiming: Shock
Press: ? - help, Shift-Dir - straight line, f/p - ogre
Aim: an ogre, wielding a giant club (lightly wounded)
The zap hits the ogre.
The ogre is moderately wounded.
Cast which spell? (? or * to list)
You can't see any susceptible monsters within range! (Use Z to cast anyway.) Cast which spell? (? or * to list)
You can't see any susceptible monsters within range! (Use Z to cast anyway.) Cast which spell? (? or * to list)
Aiming: Shock
Press: ? - help, Shift-Dir - straight line, f/p - ogre
Aim: an ogre, wielding a giant club (moderately wounded)
The zap misses the ogre.
Cast which spell? (? or * to list)
Aiming: Shock
Press: ? - help, Shift-Dir - straight line, f/p - ogre
Aim: an ogre, wielding a giant club (moderately wounded)
The zap hits the ogre.
The ogre is moderately wounded.
Cast which spell? (? or * to list)
Aiming: Shock
Press: ? - help, Shift-Dir - straight line, p - ogre The zap hits the ogre.
The ogre is severely wounded.
The zap hits the ogre.
The ogre is severely wounded.
The ogre hits you with a giant club!!
Ouch! That really hurt!
Cast which spell? (? or * to list)
Aiming: Shock
Press: ? - help, Shift-Dir - straight line The zap hits the ogre.
The ogre is severely wounded.
The zap hits the ogre.
The ogre is almost dead.
The ogre closely misses you.
Cast which spell? (? or * to list)
Aiming: Shock
Press: ? - help, Shift-Dir - straight line The zap hits the ogre.
The ogre is almost dead.
The zap misses the ogre.
The ogre hits you with a giant club!
You die...

#..#.........<.......
#.#..................
#...#................
#....................
......#.............##
.........####.###...#
.........# #.# #..#
...#.##.####O# ..# ..
#. #.@.# #.### ##.#
#..# ........##
.P.~Z...# ..~.~~...
#.~~~~... #.~~~~P#..


You could see an ogre.

Action                   |  1- 3 |  4- 6 || total
-------------------------+-------+-------++-------
Melee: Dagger            |       |     2 ||     2
 Cast: Shock             |    71 |   147 ||   218
       Repel Missiles    |     1 |     1 ||     2
  Use: Scroll            |       |     1 ||     1
  Eat: Chunk             |     2 |    17 ||    19
Armor: Robe              |     1 |    14 ||    15
Dodge: Dodged            |     3 |    45 ||    48
       Deflected         |       |     1 ||     1

Notes
Turn   | Place    | Note
--------------------------------------------------------------
     0 | D:1      | Duffy the Deep Elf Air Elementalist began the quest for the Orb.
     0 | D:1      | Reached XP level 1. HP: 10/10 MP: 6/6
   252 | D:1      | Reached XP level 2. HP: 15/15 MP: 4/8
   293 | D:1      | Reached skill level 2 in Conjurations
   362 | D:1      | Learned a level 2 spell: Repel Missiles
   679 | D:1      | Reached XP level 3. HP: 19/19 MP: 6/10
   714 | D:1      | Learned a level 3 spell: Static Discharge
  1205 | D:2      | Found a faded altar to an unknown god.
  1229 | D:2      | Reached skill level 4 in Spellcasting
  1229 | D:2      | Reached skill level 3 in Conjurations
  1757 | D:2      | Reached XP level 4. HP: 24/24 MP: 7/12
  1806 | D:2      | Noticed Robin
  1833 | D:1      | Killed Robin
  2440 | D:3      | Found a burning altar of Makhleb.
  2648 | D:3      | Reached skill level 4 in Conjurations
  3336 | D:3      | Reached XP level 5. HP: 28/28 MP: 11/13
  3344 | D:3      | Learned a level 5 spell: Lightning Bolt
  3772 | D:3      | Reached skill level 4 in Air Magic
  3939 | D:4      | Reached skill level 5 in Conjurations
  4052 | D:4      | Reached XP level 6. HP: 28/32 MP: 9/14
  4223 | D:4      | Mangled by an ogre

Skill      XL: |  1  2  3  4  5 |
---------------+----------------+-----
Conjurations   | 2 3 4 5 |  5.0
Spellcasting   | 4 |  4.0
Air Magic      | 4 |  4.9
Dodging        | |  2.4
Stealth        | |  2.4

Vault maps used:
D:1:      kennysheep_arrival_seaside, minivault_5, hex_tiny,
          minmay_misc_feat_hallway, grunt_decor_one_mirror
D:2:      ecumenical_altar_2, hangedman_decor_push, minmay_misc_feat_nine_boxes,
          uniq_robin
D:3:      lightli_temple_of_fire, first_bread, minmay_cupped
D:4:      nemelex_deck, marbit_many_paths, kennysheep_mini_moat, serial_undead,
          serial_undead_c, serial_undead_d, serial_undead_b, serial_undead_d,
          serial_undead_d, serial_undead_f, serial_undead_b, serial_undead_d,
          serial_undead_b, serial_undead_e, kennysheep_crisscross,
          hangedman_decor_growths

Vanquished Creatures
  A crimson imp
  2 centaur zombies
  A giant frog skeleton
  A worker ant
  A hound skeleton Robin
  2 adders
  A howler monkey skeleton
  An ooze
  2 worms
  4 dart slugs
  A giant gecko
  7 orcs
  3 giant cockroaches
  17 goblins
  15 hobgoblins
  7 jackals
  A ball python
  8 bats
  A giant gecko skeleton
  3 giant newts
  10 kobolds
  A quokka zombie
  7 rats
98 creatures vanquished.
